 Dungeon Crawl Stone Soup version 0.23-a0-422-g30b1108 (webtiles) character file.

546 Azzok the Digger (level 7, -6/82 HPs)
             Began as a Deep Dwarf Earth Elementalist on Nov 14, 2018.
             Killed by divine providence
             ... invoked by an orc priest
              (10 damage)
             ... on level 4 of the Dungeon.
             The game lasted 00:09:28 (4874 turns).

Azzok the Digger (Deep Dwarf Earth Elementalist)    Turns: 4874, Time: 00:09:28

Health: -6/82      AC: 23    Str:  8 (11) XL:     7   Next: 6%
Magic:  1/13       EV:  2    Int: 15 (18) God:
Gold:   165        SH:  0    Dex: 10 (13) Spells: 5/14 levels left

rFire    . . .     SeeInvis .   l - +3 spear (freeze)
rCold    . . .     Gourm    .   (no shield)
rNeg     + + +     Faith    .   (armour currently unavailable)
rPois    +         Spirit   .   (helmet currently unavailable)
rElec    .         Reflect  .   (cloak currently unavailable)
rCorr    .         Harm     .   (gloves currently unavailable)
MR       +....     NoTele   +   (boots currently unavailable)
Stlth    ++........             n - amulet of inaccuracy (curse)
HPRegen  0.00/turn              (no ring)
MPRegen  0.13/turn              (no ring)

@: tree-form, non-regenerating
A: damage resistance, heal wounds, sense surroundings 1, no regeneration
a: Heal Wounds


You were on level 4 of the Dungeon.
You were not hungry.
You were a tree.
You visited 1 branch of the dungeon, and saw 4 of its levels.

You collected 165 gold pieces.

Inventory:

Hand Weapons
 l - a +3 spear of freezing (weapon)
Missiles
 b - 90 stones (quivered)
Armour
 c - a +0 robe (melded)
 h - a +0 pair of boots (melded)
 k - a +0 cloak
 o - a +0 helmet (melded)
 q - a scarf of resistance (melded)
Jewellery
 n - a cursed amulet of inaccuracy (around neck)
Wands
 m - a wand of paralysis (3)
Scrolls
 a - 2 scrolls of fog
 f - a scroll of teleportation
 r - a scroll of remove curse {unknown}
Potions
 g - a potion of might
 j - a potion of invisibility
Comestibles
 d - 10 rations
 p - 6 chunks of flesh


   Skills:
 - Level 2.1 Dodging
 - Level 2.4 Stealth
 + Level 4.1 Spellcasting
 + Level 3.3 Conjurations
   Level 0.8 Transmutations
 + Level 7.1 Earth Magic


You had 5 spell levels left.
You knew the following spells:

 Your Spells              Type           Power        Failure   Level  Hunger
a - Sandblast             Erth           ###...       1%          1    None
b - Stone Arrow           Conj/Erth      ###...       6%          3    ###....
c - Lee's Rapid Deconstr  Erth           ###.......   26%         5    ######.

Your spell library contained the following spells:

 Spells                   Type           Power        Failure   Level  Hunger
 Passwall                 Tmut/Erth      ###.....     5%          2    ##.....
 Confusing Touch          Hex            #.....       19%         1    None
 Petrify                  Tmut/Erth      ###.....     34%         4    ####...
 Confuse                  Hex            #.......     47%         3    ###....
 Gell's Gravitas          Tloc           #.........   47%         3    ###....
 Metabolic Englaciation   Hex/Ice        #.........   99%         5    ######.
 Yara's Violent Unravell  Hex/Tmut       #.........   99%         5    ######.


Dungeon Overview and Level Annotations

Branches:
Dungeon (4/15)
 Temple: D:4-7

Altars:
Elyvilon
Ru
Wu Jian

Annotations:
D:2 Sigmund


Innate Abilities, Weirdness & Mutations

You are resistant to damage.
You can heal yourself by infusing magical energy.
You passively map a small area around you.
You do not regenerate.


Message History

The orc priest casts a cantrip, but nothing happens.
You feel better. The orc priest barely misses you.
It was a potion of degeneration.
There was something very wrong with that liquid.
You feel weakened.
You feel dopey.
You feel clumsy.
The orc priest begins to cast a cantrip, but forgets the words!
You closely miss the orc priest.
The orc priest is heavily wounded.
The orc priest invokes the aid of Beogh against you.
Beogh smites you!
* * * LOW HITPOINT WARNING * * *
Some of the chunks of flesh in your inventory have rotted away.
You barely miss the orc priest.
The orc priest is heavily wounded.
The orc priest hits you but does no damage.
You hit the orc priest but do no damage.
The orc priest is heavily wounded.
The orc priest mumbles some strange prayers to Beogh against you.
Beogh smites you!
You die...

▒▒·········▒▒···▒··▒
▒▒▒·····▒▒▒··▒······▒▒
▒·······▒
▒··▒▒·····▒░◦
▒······▒▒░ ·▒ ▒······
▒▒▒▒······▒▒ ··▒ ▒·
▒▒·····▒····▒·· ◦ ▒·
▒▒······▒▒▒····◦ ◦ ◦
▒·· ▒··▒▒···▒·▒·▒▒·· ◦
▒·· ▒▒▒·▒·····o♣▒ ··░◦
◦ ··· ▒▒·······†▒▒▒ ◦
·· · ▒··········▒░░ ◦
· ▒▒·····$···▒ ◦
▒▒▒······▒▒
▒·····)··(··◦
▒▒·········· ░
░··)···o▒····
▒▒······▒··Z· ◦


You could see an orc priest.

Vanquished Creatures
  An ogre (D:4)
  A howler monkey (D:4)
  A hound (D:3)
  A bullfrog skeleton (D:4)
  2 orc priests (D:4)
  4 orc wizards
  Robin (D:2)
  5 adders
  3 worms
  3 dart slugs
  A leopard gecko (D:2)
  16 orcs
  8 bats
  3 giant cockroaches
  18 goblins
  16 hobgoblins
  3 jackals (D:4)
  3 quokkas (D:4)
  A ball python (D:1)
  5 frilled lizards
  9 kobolds
  A rat (D:2)
106 creatures vanquished.

Notes
Turn   | Place    | Note
-------+----------+-------------------------------------------
     0 | D:1      | Azzok the Deep Dwarf Earth Elementalist began the quest for
                  | the Orb.
     0 | D:1      | Reached XP level 1. HP: 15/15 MP: 3/3
   142 | D:1      | Reached XP level 2. HP: 22/22 MP: 1/5
   825 | D:1      | Reached XP level 3. HP: 28/28 MP: 4/6
   970 | D:1      | Learned a level 3 spell: Stone Arrow
  1500 | D:2      | Reached skill level 5 in Earth Magic
  1626 | D:2      | Noticed Sigmund
  1747 | D:2      | Noticed Robin
  1873 | D:2      | Killed Robin
  1873 | D:2      | Reached skill level 1 in Conjurations
  1873 | D:2      | Reached XP level 4. HP: 30/36 MP: 0/8
  2714 | D:3      | Found a sacrificial altar of Ru.
  3015 | D:2      | Found a white marble altar of Elyvilon.
  3218 | D:3      | Reached XP level 5. HP: 18/42 MP: 1/9
  3684 | D:3      | Found an ornate altar of the Wu Jian Council.
  3925 | D:4      | Noticed an ogre
  3966 | D:3      | Reached skill level 6 in Earth Magic
  4158 | D:4      | Reached XP level 6. HP: 18/49 MP: 3/11
  4411 | D:4      | Learned a level 5 spell: Lee's Rapid Deconstruction
  4844 | D:4      | Reached skill level 7 in Earth Magic
  4852 | D:4      | Reached XP level 7. HP: 20/55 MP: 6/13
  4872 | D:4      | HP: 4/82 [orc priest/divine providence (12)]
  4874 | D:4      | Killed from afar by an orc priest

Vault maps used:
D:1:      lightli_arrival_boilingwater
D:2:      minmay_kobold_bridge, nicolae_overflow_hidden_temple,
          chequers_mini_garden, kennysheep_generic_room_15, uniq_robin,
          uniq_jessica, uniq_sigmund
D:3:      lemuel_round_altar, first_ration, nicolae_ru_path_of_blood

Skill      XL: |  1  2  3  4  5  6 |
---------------+-------------------+-----
Spellcasting   | 2 3 4 |  4.1
Earth Magic    | 5 6 7 |  7.1
Conjurations   | 1 2 3 |  3.3
Dodging        | |  2.1
Stealth        | |  2.4
Transmutations | |  0.8

Action                   |  1- 3 |  4- 6 |  7- 9 || total
-------------------------+-------+-------+-------++-------
Melee: Spear             |    12 |     2 |     8 ||    22
 Cast: Sandblast         |    44 |    63 |     9 ||   116
       Stone Arrow       |     7 |    39 |       ||    46
  Use: Scroll            |       |     7 |       ||     7
       Potion            |       |       |     4 ||     4
  Eat: Chunk             |     4 |    13 |       ||    17
Armor: Robe              |     7 |    13 |       ||    20
       Skin              |       |       |     5 ||     5
Dodge: Dodged            |    17 |    20 |     3 ||    40

Table legend:
 A = Non-vault XP
 B = Vault XP
 C = Vault XP percentage of total XP
 D = Non-vault monster count
 E = Vault monster count
 F = Vault count percentage of total count
                 A         B        C        D         E       F
            +---------+---------+-------+---------+---------+-------
      Total |     731 |      49 |   6.3 |      88 |      18 |  17.0
            +---------+---------+-------+---------+---------+-------
        D:1 |      48 |       0 |   0.0 |      25 |       0 |   0.0
        D:2 |      32 |      49 |  60.5 |      14 |      18 |  56.2
        D:3 |     196 |       0 |   0.0 |      24 |       0 |   0.0
        D:4 |     455 |       0 |   0.0 |      25 |       0 |   0.0
            +---------+---------+-------+---------+---------+-------
